 Dungeon Crawl Stone Soup version 0.20-a0-1122-gb7cbeb9 (webtiles) character file.

100 GEC the Conjurer (level 5, 0/36 HPs)
             Began as a Human Conjurer on May 10, 2017.
             Was a Follower of Sif Muna.
             Slain by a hound (6 damage)
             ... on level 3 of the Dungeon.
             The game lasted 00:16:38 (3519 turns).

GEC the Conjurer (Human Conjurer)                   Turns: 3519, Time: 00:16:41

Health: 0/36       AC:  4    Str:  8    XL:     5   Next: 3%
Magic:  5/9        EV: 12    Int: 16    God:    Sif Muna [*.....]
Gold:   198        SH:  0    Dex: 14    Spells: 6/9 levels left

rFire    . . .     SeeInvis .   e - +0 mace
rCold    . . .     Gourm    .   (no shield)
rNeg     . . .     Faith    .   a - +1 robe
rPois    .         Spirit   .   (no helmet)
rElec    .         Reflect  .   (no cloak)
rCorr    .         Harm     .   i - +0 pair of gloves
MR       .....                  (no boots)
Stlth    ++........             (no amulet)
Regen    0.2/turn               (no ring)
MPRegen  0.2/turn               (no ring)

@: no status effects
A: no striking features
a: Divine Energy, Renounce Religion


You were on level 3 of the Dungeon.
You worshipped Sif Muna.
Sif Muna was aware of your devotion.
You were near starving.

You visited 1 branch of the dungeon, and saw 4 of its levels.

You collected 198 gold pieces.

Inventory:

Hand Weapons
 e - a +0 mace (weapon)
Armour
 a - a +1 robe (worn)
 d - a +2 ring mail of poison resistance
 f - a +0 leather armour
 i - a +0 pair of gloves (worn)
Scrolls
 h - 2 scrolls of teleportation
 p - 2 scrolls of magic mapping
 s - a scroll of remove curse
 t - a scroll of amnesia
Potions
 j - a potion of ambrosia {unknown}
 k - a potion of curing
 l - 4 potions of might
 o - 3 potions of agility
 q - 2 potions of brilliance
 r - 4 potions of heal wounds {unknown}
 u - 2 potions of degeneration {unknown}
Books
 b - a book of Conjurations

   Spells                             Type                      Level
   a - Magic Dart                     Conjuration                  1
   b - Searing Ray                    Conjuration                  2
   c - Dazzling Spray                 Conjuration/Hexes            3
   d - Fulminant Prism                Conjuration/Hexes            4
   e - Force Lance                    Conjuration/Translocation    4
   f - Iskenderun's Mystic Blast      Conjuration                  4
Comestibles
 c - 4 bread rations
 g - a meat ration
 m - 2 royal jellies


   Skills:
 + Level 0.4 Fighting
 + Level 0.2 Maces & Flails
 + Level 2.2 Dodging
 + Level 2.4 Stealth
 * Level 2.8 Spellcasting
 * Level 5.1 Conjurations


You had 6 spell levels left.
You knew the following spells:

 Your Spells              Type           Power        Failure   Level  Hunger
a - Magic Dart            Conj           ###.         2%          1    #......
b - Searing Ray           Conj           ###...       3%          2    ##.....


Dungeon Overview and Level Annotations

Branches:
Dungeon (4/15)
 Temple: D:4-7

Altars:
Kikubaaqudgha
Sif Muna
The Shining One

Annotations:
D:3 Edmund


Message History

You are lethally poisoned!
The worker ant poisons you!
* * * LOW HITPOINT WARNING * * *
You feel sick.
You feel better. The hound bites you. x2
The worker ant barely misses you. The hound bites you.
* * * LOW HITPOINT WARNING * * *
Casting: Magic Dart
Confirm with . or Enter, or press ? or * to list all spells.
Aiming: Searing Ray
Press: ? - help, Shift-Dir - straight line, f - hound
Aim: a hound (moderately wounded)
The searing ray hits the hound.
The hound is heavily wounded. (Press . to maintain the ray.)
The hound bites you.
* * * LOW HITPOINT WARNING * * *
The hound bites you.
You die...

#..(...#######..##.### ##.
##.##(....#####.#..# ##.. ####
##.##.........#...######..#
...####..####...###.###.# #.....<
...##...## #...###.###.###..<...
#####.### #....##..##..........
...##.# #.##a###..#.###......
....### #..#h###....# #......
.....# ##.#@##...### ###..##
._...# #.#.#..#..######..# .....#
#.#.(.###......#..## ....##
#....## ###........# ...##
#....## ##.......... #.#########
##..#..# #.....).....
..(.......###.....)# #...........
.................#<###...........
(#...###...)####......#..........


You could see a hound and a worker ant.

Vanquished Creatures
  A worker ant (D:4)
  3 adders
  An ooze (D:2)
  A worm (D:2)
  A leopard gecko (D:1)
  5 orcs
  2 giant cockroaches (D:2)
  4 goblins
  4 hobgoblins
  6 kobolds
  A quokka (D:3)
  A ball python (D:1)
  2 bats
  4 frilled lizards
  4 rats
40 creatures vanquished.

Notes
Turn   | Place    | Note
-------+----------+-------------------------------------------
     0 | D:1      | GEC the Human Conjurer began the quest for the Orb.
     0 | D:1      | Reached XP level 1. HP: 13/13 MP: 3/3
   358 | D:1      | Reached XP level 2. HP: 19/19 MP: 0/5
  1078 | D:1      | Learned a level 2 spell: Searing Ray
  1296 | D:2      | Found a faded altar of an unknown god.
  1448 | D:2      | Became a worshipper of Sif Muna the Loreminder
  1448 | D:2      | Reached * piety under Sif Muna
  1562 | D:2      | Reached XP level 3. HP: 24/24 MP: 3/6
  2270 | D:3      | Reached skill level 5 in Conjurations
  2270 | D:3      | Reached XP level 4. HP: 30/30 MP: 2/7
  2542 | D:3      | Found a glowing golden altar of the Shining One.
  2648 | D:3      | Found an ancient bone altar of Kikubaaqudgha.
  3048 | D:4      | Noticed Edmund
  3117 | D:4      | Reached XP level 5. HP: 36/36 MP: 0/9
  3519 | D:3      | Slain by a hound

Vault maps used:
D:1:      dpeg_arrival_arbitrary_c
D:2:      chequers_ecumenical_altar_island
D:3:      kiku_gazebo_pond_becter, lemuel_round_altar, first_bread,
          wad_floor_pattern_2
D:4:      lemuel_crystal_altar, temple_hall, uniq_edmund

Skill      XL: |  1  2  3 |
---------------+----------+-----
Conjurations   | 5 |  5.1
Fighting       | |  0.4
Maces & Flails | |  0.2
Dodging        | |  2.2
Stealth        | |  2.4
Spellcasting   | |  2.8

Action                   |  1- 3 |  4- 6 || total
-------------------------+-------+-------++-------
Melee: Mace              |    15 |     2 ||    17
 Cast: Magic Dart        |    52 |    34 ||    86
       Searing Ray       |     5 |     7 ||    12
  Use: Scroll            |     8 |     4 ||    12
       Potion            |       |     1 ||     1
 Stab: Sleeping          |     2 |       ||     2
  Eat: Chunk             |     2 |     1 ||     3
       Meat ration       |     1 |       ||     1
Armor: Robe              |     5 |     9 ||    14
Dodge: Dodged            |     9 |    16 ||    25
